 Dungeon Crawl Stone Soup version 0.19-a0-829-g23a5e41 (webtiles) character file.

59 Ordine the Insei (level 4, -1/31 HPs)
             Began as an Octopode Monk on June 30, 2016.
             Slain by kuniqs's ghost (16 damage)
             ... on level 3 of the Dungeon.
             The game lasted 00:03:32 (1672 turns).

Ordine the Insei (Octopode Monk)                    Turns: 1672, Time: 00:03:32

Health: -1/31      AC:  1    Str: 15    XL:     4   Next: 3%
Magic:  4/4        EV: 13    Int: 13    God:
Gold:   129        SH:  5    Dex: 14    Spells: 0 memorised, 3 levels left

rFire  . . .     SeeInvis .       - Unarmed
rCold  . . .     Gourm    .     k - +2 buckler {rPois}
rNeg   + . .     Faith    .     (helmet restricted)
rPois  +         Spirit   .     (no amulet)
rElec  .         Dismiss  .     e - ring of positive energy
rCorr  .         Reflect  .     (no ring)
SustAt .         Harm     .     (no ring)
MR     .....                    (no ring)
Stlth  ++++......               (no ring)
                                (no ring)
                                (no ring)
                                (no ring)

@: mighty, not resistant to hostile enchantments, stealthy
A: almost no armour, amphibious, 8 rings, constrict 8, camouflage 1, gelatinous
body 1
a: no special abilities


You were on level 3 of the Dungeon.
You were not hungry.

You visited 1 branch of the dungeon, and saw 3 of its levels.

You collected 129 gold pieces.

Inventory:

Missiles
 b - 74 stones (quivered)
Armour
 k - a +2 buckler of poison resistance (worn)
Jewellery
 e - a ring of positive energy (left tentacle)
Scrolls
 c - a scroll of enchant armour
 f - a scroll of remove curse
 g - 2 scrolls of immolation
Potions
 d - a potion of might
 h - a potion of haste {unknown}
 i - 2 potions of agility {unknown}
 j - a potion of lignification {unknown}
Comestibles
 a - a bread ration
 l - a chunk of flesh


   Skills:
 - Level 3.2 Fighting
 - Level 3.5 Dodging
 + Level 3.4 Stealth
 * Level 0.4 Shields
 * Level 3.8 Unarmed Combat


You had 3 spell levels left.
You didn't know any spells.

Dungeon Overview and Level Annotations

Branches:
Dungeon (3/15)

Altars:

Annotations:
D:3 kuniqs's ghost, amateur DrFi


Innate Abilities, Weirdness & Mutations

You cannot wear most types of armour.
You are amphibious.
You can wear up to eight rings at the same time.
You can use your tentacles to constrict eight enemies at once.
Your skin changes colour to match your surroundings (Stealth+).
Your rubbery body absorbs attacks. (AC +1)


Message History

Kuniqs's ghost (amateur Draconian Fighter) comes into view.
Kuniqs's ghost turns its malevolent gaze towards you.
An adder comes into view.
A giant newt comes into view.
Kuniqs's ghost hits you!
The giant newt hisses angrily.
You feel very mighty all of a sudden. You block kuniqs's ghost's attack.
You tentacle-slap kuniqs's ghost.
Kuniqs's ghost is lightly damaged.
Kuniqs's ghost barely misses you.
You closely miss kuniqs's ghost.
Kuniqs's ghost is lightly damaged.
Kuniqs's ghost screams, "Death is your only future!"
You block kuniqs's ghost's attack.
You bludgeon kuniqs's ghost!
Kuniqs's ghost is moderately damaged.
Kuniqs's ghost hits you!
Ouch! That really hurt!
You die...

#.# #.# #.# # # #.# #.# #.#
#<#. #.# #.# #.# #..###.####.#
#.## ##..........##### #...
#......l........# #...
..........###l####.########.##
.##.......# #W# #...........#
..........# #@####......###..#
###%......# #...[..).........#
#>####..# ######......####.#
#. #..# #......# .# # #...
....##.### .. ######.# ..#.
#.# .... #.# .... #.# ....


You could see kuniqs's ghost and a giant newt.

Vanquished Creatures
  3 adders (D:2)
  A giant gecko (D:2)
  3 bats
  3 giant cockroaches (D:2)
  3 goblins
  3 hobgoblins
  2 jackals (D:1)
  3 ball pythons
  4 giant newts
  3 kobolds
  3 rats
31 creatures vanquished.

Notes
Turn   | Place    | Note
--------------------------------------------------------------
     0 | D:1      | Ordine the Octopode Monk began the quest for the Orb.
     0 | D:1      | Reached XP level 1. HP: 16/16 MP: 1/1
   336 | D:1      | Reached XP level 2. HP: 21/21 MP: 2/2
   717 | D:2      | Reached XP level 3. HP: 10/26 MP: 3/3
  1363 | D:2      | Found a faded altar of an unknown god.
  1634 | D:3      | Reached XP level 4. HP: 28/31 MP: 4/4
  1658 | D:3      | Noticed kuniqs's ghost (amateur DrFi)
  1672 | D:3      | Slain by kuniqs's ghost

Vault maps used:
D:1:      lightli_arrival_lavapool
D:2:      ecumenical_altar_1
D:3:      grunt_temple_overflow_open

Skill      XL: |  1 |
---------------+----+-----
Stealth        | 3 |  3.4
Fighting       | |  3.2
Dodging        | |  3.5
Shields        | |  0.4
Unarmed Combat | |  3.8

Action                   |  1- 3 |  4- 6 || total
-------------------------+-------+-------++-------
Melee: Unarmed           |    61 |     6 ||    67
       Constrict         |    15 |     1 ||    16
       Tentacles         |     9 |       ||     9
  Use: Scroll            |     4 |       ||     4
       Potion            |       |     1 ||     1
 Stab: Sleeping          |     5 |     1 ||     6
  Eat: Chunk             |     2 |       ||     2
Armor: Skin              |     4 |       ||     4
Dodge: Dodged            |    26 |     1 ||    27
Block: Buckler           |     5 |     2 ||     7
